Map: 포트 알렉산더 - 래더

Players

JinairRogue (Rogue)

  • Race: Zerg Zerg
  • League: Master
  • Spawn Location: 5:00

llllllllllll (Trap) - Winner!

  • Race: Protoss Protoss
  • League: Master
  • Spawn Location: 11:00

Event: IEM Season 13 - Katowice Server Qualifiers Asia 1

VOD

Have the link to the VOD?

Description

Time

  • Played on: Jan. 14, 2019, 8:55 a.m.
  • Length: 22:12

All games in this series

Show
View Real Time Build Order
Export as new Build Order

JinairRogue Zerg 

Build Orders: Hatch First, Lurkers, Roach Hydra 

Get SALT Encoding   

  12  0:00  Drone  
  13  0:12  Overlord  
  13  0:17  Drone  
  14  0:30  Drone  
  14  0:31  Drone  
  16  0:50  Hatchery  
  16  0:51  Drone  
  16  0:54  Drone  
  17  0:58  Drone  
  18  1:09  Extractor  
  17  1:15  Spawning Pool  
  17  1:18  Drone  
  17  1:21  Drone  
  18  1:28  Drone  
  19  1:39  Drone  
  20  1:50  Hatchery  
  20  1:53  Drone  
  20  2:04  Queen  
  22  2:10  Drone  
  22  2:12  Drone  
  22  2:15  Drone  
  25  2:17  Drone  
  26  2:23  Metabolic Boost  
  26  2:28  Overlord  
  26  2:36  Queen  
  28  2:46  Queen, Zergling x2  
  28  2:47  Zergling x2  
  33  2:51  Drone  
  33  2:53  Drone  
  33  2:56  Drone  
  33  2:57  Drone  
  36  3:08  Overlord, Queen  
  38  3:14  Drone x2  
  38  3:16  Drone  
  41  3:25  Overlord  
  41  3:26  Queen  
  43  3:31  Drone  
  43  3:32  Drone x2  
  46  3:35  Drone x2  
  46  3:38  Overlord  
  48  3:43  Spore Crawler  
  48  3:45  Spore Crawler  
  46  3:50  Drone x4  
  50  3:58  Drone x4  
  54  4:03  Overlord  
  54  4:07  Spore Crawler, Drone x2  
  56  4:12  Overlord  
  56  4:16  Drone x2  
  58  4:24  Zergling x16  
  58  4:28  Spore Crawler  
  58  4:30  Drone x2  
  66  4:33  Drone  
  66  4:36  Overlord  
  67  4:39  Lair  
  67  4:41  Extractor  
  67  4:42  Extractor  
  65  4:46  Drone x5  
  65  4:49  Drone x2  
  65  4:52  Overlord  
  72  4:59  Roach Warren  
  70  5:00  Drone x3  
  70  5:03  Overlord  
  73  5:09  Extractor x2, Drone  
  73  5:10  Overlord, Drone  
  73  5:13  Drone  
  74  5:16  Drone x4  
  74  5:20  Drone  
  74  5:21  Drone x2  
  79  5:23  Drone  
  77  5:34  Overlord  
  77  5:39  Roach x5  
  77  5:42  Evolution Chamber  
  85  5:44  Overseer  
  85  5:46  Roach x2  
  85  5:48  Glial Reconstitution  
  88  5:52  Roach  
  88  5:54  Overlord  
  90  5:58  Roach, Extractor  
  90  5:59  Roach x5  
  90  6:03  Drone x3  
  90  6:04  Drone  
  105  6:06  Overlord  
  105  6:09  Zerg Missile Weapons Level 1  
  105  6:12  Hydralisk Den  
  105  6:17  Roach  
  105  6:18  Roach x2  
  110  6:21  Overlord  
  110  6:26  Drone x2  
  110  6:27  Drone x2  
  114  6:40  Hatchery  
  114  6:43  Overlord x4, Grooved Spines  
  113  6:54  Hydralisk x4  
  121  7:07  Hydralisk x3  
  121  7:08  Hydralisk x3  
  129  7:24  Hydralisk  
  129  7:25  Hydralisk x7  
  129  7:28  Pneumatized Carapace  
  145  7:31  Drone x3  
  145  7:36  Drone x4  
  152  7:38  Overlord  
  152  7:47  Overlord  
  152  7:54  Muscular Augments  
  152  7:57  Drone x2  
  152  7:58  Drone x7  
  161  8:01  Overlord  
  161  8:02  Overlord  
  161  8:09  Drone  
  161  8:10  Extractor, Drone x4  
  161  8:11  Extractor  
  164  8:14  Lurker Den, Zerg Missile Weapons Level 2  
  163  8:27  Spore Crawler  
  163  8:32  Hatchery  
  163  8:34  Hydralisk x4, Drone x2  
  163  8:35  Infestation Pit  
  170  8:43  Hydralisk  
  170  8:44  Hydralisk x4  
  180  8:51  Overlord, Spine Crawler  
  179  9:01  Evolution Chamber  
  179  9:02  Hatchery  
  177  9:06  Hydralisk x5  
  187  9:20  Extractor  
  187  9:21  Extractor, Drone x7  
  192  9:26  Hydralisk x4  
  200  9:32  Hive  
  200  9:33  Zerg Ground Armor Level 1  
  200  9:35  Overlord  
  200  9:38  Overlord  
  199  9:46  Overlord  
  191  9:59  Spire  
  190  10:02  Hydralisk x4  
  198  10:09  Overlord  
  198  10:18  Hydralisk x2  
  192  10:21  Overlord  
  192  10:30  Lurker  
  192  10:31  Lurker x9  
  192  10:32  Hydralisk  
  200  10:39  Hydralisk  
  200  10:40  Hydralisk x2  
  190  10:46  Hydralisk  
  190  10:47  Hydralisk x4  
  190  10:49  Zergling x4  
  198  10:50  Hatchery  
  198  10:52  Zergling x4  
  198  10:53  Adaptive Talons  
  198  10:55  Hydralisk x2  
  198  10:57  Hydralisk x4  
  187  10:59  Hydralisk  
  187  11:02  Hydralisk  
  187  11:03  Hydralisk, Zergling x2  
  187  11:04  Zergling x22  
  178  11:05  Zergling x2  
  178  11:09  Zergling x8  
  178  11:10  Zergling x2  
  181  11:15  Hydralisk x3  
  182  11:28  Zerg Missile Weapons Level 3  
  182  11:32  Drone x3  
  178  11:33  Hydralisk  
  178  11:34  Hydralisk x3  
  183  11:44  Lurker x5  
  186  11:50  Zergling x20  
  186  11:53  Lurker x2  
  186  12:02  Overseer x2  
  186  12:05  Lurker x2  
  186  12:06  Zergling x2  
  186  12:07  Zergling x16  
  196  12:14  Lurker  
  199  12:15  Lurker x2  
  199  12:25  Overlord  
  199  12:28  Hatchery  
  194  12:31  Lurker x3  
  194  12:36  Zerg Flyer Weapons Level 1  
  192  12:41  Zerg Ground Armor Level 2  
  192  12:47  Zergling x14  
  192  12:49  Zergling x2  
  200  12:58  Overseer  
  200  12:59  Overseer  
  200  13:00  Overseer x3  
  200  13:04  Hydralisk  
  199  13:10  Corruptor x5  
  199  13:12  Zergling x32  
  183  13:27  Hydralisk x8  
  183  13:33  Zergling x14  
  187  13:34  Zergling x2  
  187  13:40  Hydralisk x3  
  183  13:52  Overseer  
  173  13:57  Corruptor x2  
  173  14:00  Overlord  
  168  14:05  Overlord x2  
  168  14:20  Zerg Melee Weapons Level 1  
  168  14:23  Hydralisk  
  168  14:24  Hydralisk x8  
  168  14:28  Hatchery  
  168  14:29  Hydralisk x7  
  177  14:41  Overlord x2  
  177  14:42  Overlord x2  
  175  14:51  Overlord x2  
  175  14:59  Overlord  
  166  15:00  Overlord  
  166  15:03  Hydralisk x4  
  166  15:04  Lurker x7  
  166  15:05  Lurker  
  178  15:17  Spore Crawler, Spine Crawler  
  178  15:18  Drone x2, Overseer  
  173  15:22  Drone x4  
  177  15:28  Overseer  
  177  15:30  Lurker x7  
  184  15:40  Lurker  
  184  15:42  Viper x2  
  191  15:46  Zergling x12  
  197  15:51  Overseer  
  197  15:52  Overseer x2  
  197  15:55  Zergling x2  
  198  16:01  Zergling x2  
  198  16:14  Zerg Flyer Weapons Level 2  
  198  16:22  Corruptor  
  198  16:36  Corruptor x3  
  197  16:54  Corruptor x2  
  197  17:01  Corruptor x2  
  193  17:29  Corruptor x11  
  175  17:30  Corruptor x3  
  175  17:35  Corruptor x2  
  175  17:36  Zergling x2  
  175  17:37  Zergling x10  
  164  17:39  Hydralisk  
  164  17:40  Hydralisk x2  
  156  17:47  Hydralisk  
  156  17:48  Hydralisk x3  
  156  17:49  Zergling x14  
  156  17:51  Queen, Hydralisk x2  
  163  17:57  Hydralisk x2  
  172  17:58  Zergling x6  
  172  18:01  Zergling x2  
  172  18:02  Zergling x2  
  172  18:04  Hydralisk x2  
  180  18:08  Overlord  
  180  18:13  Overlord x2  
  172  18:21  Overlord x3  
  160  18:36  Greater Spire  
  160  18:37  Lurker x6  
  160  18:38  Lurker, Zergling x12  
  160  18:39  Zergling x12  
  173  18:45  Hydralisk x2  
  177  18:53  Lurker x2, Zergling x12  
  180  18:59  Hydralisk  
  180  19:00  Hydralisk x3  
  180  19:01  Zergling x2  
  161  19:07  Overseer  
  151  19:17  Overseer  
  151  19:20  Hatchery, Hydralisk x5  
  152  19:32  Hydralisk x4  
  152  19:33  Hydralisk, Zergling x4  
  164  19:48  Hydralisk x5  
  164  19:49  Zergling x6  
  177  20:01  Lurker  
  177  20:05  Overseer  
  178  20:11  Lurker  
  178  20:12  Zergling x30  
  194  20:22  Lurker  
  194  20:25  Zergling x2  
  194  20:28  Zergling x6  
  191  20:29  Extractor  
  191  20:33  Extractor  
  181  20:58  Spine Crawler x2  
  181  20:59  Spine Crawler  
  181  21:01  Spine Crawler  
  181  21:03  Brood Lord x3  
  176  21:12  Overseer x3  
  176  21:15  Zergling x2  
  176  21:16  Zergling x36  
  188  21:19  Hydralisk x2  
  188  21:20  Lurker  
  188  21:25  Overseer  
  176  21:36  Hydralisk x3  
  154  21:42  Hydralisk  
  131  21:48  Hydralisk  
  131  21:51  Zergling x18  
  131  21:53  Zergling x2  
  128  22:04  Lurker  
Show
View Real Time Build Order
Export as new Build Order

llllllllllll Protoss - Winner!

Build Orders: 1 Gate Expand, Oracle Opening, Archon Immortal, Archon Drop 

Get SALT Encoding   

  12  0:00  Probe  
  13  0:12  Probe  
  14  0:20  Pylon  
  14  0:24  Probe  
  15  0:34  Probe  
  15  0:42  Probe  
  16  0:44  Gateway  
  17  0:52  Probe, Assimilator  
  18  1:04  Probe  
  19  1:16  Probe  
  20  1:26  Nexus  
  20  1:37  Cybernetics Core  
  20  1:40  Probe  
  20  1:46  Assimilator  
  21  1:52  Probe  
  22  1:58  Pylon  
  22  2:04  Probe  
  22  2:07  Adept  
  23  2:16  Probe  
  23  2:21  Stargate  
  26  2:28  Probe, Warp Gate  
  27  2:36  Probe, Stalker  
  29  2:38  Probe  
  31  2:44  Probe  
  31  2:46  Probe  
  33  2:53  Probe  
  33  2:55  Oracle  
  33  2:56  Probe  
  38  3:08  Probe x2  
  38  3:12  Adept  
  42  3:16  Pylon  
  42  3:20  Probe  
  42  3:21  Probe  
  44  3:27  Oracle  
  44  3:30  Gateway  
  44  3:32  Probe  
  44  3:33  Probe  
  49  3:44  Assimilator  
  49  3:45  Probe  
  49  3:46  Probe, Assimilator  
  51  3:57  Robotics Facility  
  51  3:59  Pylon  
  51  4:00  Probe  
  51  4:01  Probe  
  53  4:15  Probe, Twilight Council  
  54  4:17  Probe  
  54  4:20  Pylon  
  55  4:32  Probe x2  
  55  4:35  Zealot x2  
  55  4:36  Warp Prism  
  55  4:38  Gateway x2  
  61  4:52  Templar Archives  
  63  4:57  Probe x2, Pylon  
  65  5:09  Nexus  
  65  5:11  Pylon  
  65  5:21  Probe x2  
  61  5:33  Probe x2  
  61  5:36  High Templar x4  
  61  5:38  Pylon  
  61  5:40  Pylon  
  61  5:41  Archon x2, Forge  
  61  5:42  Charge  
  69  5:45  Probe x2  
  71  5:58  Shield Battery  
  71  5:59  Probe x2  
  71  6:01  Protoss Ground Weapons Level 1  
  73  6:05  Observer  
  73  6:06  Robotics Facility  
  73  6:09  Gateway  
  74  6:11  Gateway  
  74  6:13  Zealot x3  
  74  6:14  Probe  
  81  6:22  Probe  
  81  6:23  Probe  
  83  6:26  Probe  
  83  6:32  Immortal  
  88  6:35  Probe x2  
  88  6:38  Probe, Assimilator  
  88  6:39  Assimilator  
  91  6:42  Pylon x2  
  91  6:45  High Templar x2  
  95  6:50  Pylon  
  95  6:51  Probe x3  
  98  6:56  Immortal  
  102  7:04  Pylon  
  102  7:05  Psionic Storm, Pylon  
  102  7:11  Immortal  
  102  7:14  Probe x3  
  109  7:17  Pylon  
  109  7:26  Pylon  
  109  7:27  High Templar  
  111  7:31  Protoss Ground Weapons Level 2  
  111  7:36  Immortal  
  115  7:40  Zealot x3  
  115  7:43  Gateway  
  121  7:46  Gateway  
  121  7:47  Immortal  
  125  7:52  High Templar  
  125  7:57  Photon Cannon  
  125  7:58  Shield Battery  
  127  8:04  Pylon  
  127  8:08  Immortal  
  127  8:09  Photon Cannon  
  127  8:11  Photon Cannon  
  127  8:14  Photon Cannon  
  127  8:18  Void Ray  
  131  8:20  Observer  
  131  8:22  Zealot x3  
  136  8:30  Zealot  
  136  8:33  High Templar  
  144  8:37  Zealot x2  
  144  8:40  Zealot  
  150  8:44  Shield Battery  
  150  8:46  Zealot  
  150  8:47  Shield Battery  
  152  8:53  Immortal  
  154  8:58  Immortal  
  158  9:07  Stalker  
  158  9:10  Stalker  
  158  9:15  Protoss Ground Weapons Level 3  
  160  9:17  Fleet Beacon  
  159  9:36  Nexus  
  159  9:37  Pylon  
  159  9:41  Zealot x2  
  159  9:42  Zealot x4  
  171  9:50  Zealot  
  164  10:17  Immortal x2  
  164  10:19  Zealot  
  164  10:20  Zealot x7  
  180  10:25  Mothership  
  180  10:35  Stargate  
  178  10:39  Pylon  
  182  10:59  Immortal x2  
  180  11:13  Zealot x7  
  174  11:32  High Templar  
  168  11:35  Tempest, Immortal x2  
  174  11:40  Tempest  
  174  11:46  High Templar  
  174  11:47  High Templar x2  
  184  11:49  Photon Cannon  
  184  11:51  Photon Cannon  
  182  11:58  Protoss Shields Level 1  
  180  12:05  Dark Shrine, Assimilator  
  178  12:10  Assimilator, Zealot x2  
  182  12:17  Tempest x2  
  182  12:22  High Templar x2  
  189  12:25  Protoss Air Weapons Level 1  
  188  12:38  Stargate  
  188  12:42  Zealot  
  188  12:43  Zealot x4  
  195  13:00  Oracle  
  198  13:13  High Templar  
  198  13:19  Photon Cannon  
  200  13:21  Photon Cannon  
  200  13:32  Nexus  
  194  13:51  Protoss Shields Level 2  
  194  13:55  Observer  
  186  14:01  Photon Cannon  
  172  14:03  Photon Cannon x2  
  172  14:06  Zealot x6  
  172  14:07  Photon Cannon, Assimilator  
  172  14:08  Photon Cannon  
  184  14:12  Carrier x2  
  184  14:21  Carrier  
  184  14:23  Protoss Air Weapons Level 2  
  196  14:29  Pylon  
  194  14:34  Dark Shrine  
  194  14:37  Dark Templar x2  
  194  14:58  Blink  
  186  15:04  High Templar x2  
  186  15:05  High Templar x3  
  186  15:06  High Templar  
  198  15:10  Mothership, Photon Cannon  
  198  15:12  Photon Cannon  
  198  15:13  Photon Cannon  
  194  15:17  Assimilator  
  194  15:21  Assimilator  
  200  15:28  Archon  
  200  15:29  Archon  
  200  15:43  Cybernetics Core  
  198  15:51  Carrier  
  198  16:03  Void Ray  
  200  16:04  Protoss Shields Level 3  
  200  16:10  Protoss Air Weapons Level 3  
  196  16:14  Stargate  
  196  16:19  Protoss Air Armor Level 1  
  194  16:30  Zealot x3  
  200  16:49  Pylon  
  200  16:51  Pylon  
  200  16:52  Pylon  
  194  17:05  Gateway  
  194  17:07  Gateway  
  194  17:09  Nexus, Gateway  
  194  17:12  Gateway  
  137  17:43  High Templar  
  137  17:44  High Templar x6  
  123  17:48  Archon x2  
  123  17:49  Archon  
  131  17:55  Observer  
  131  17:57  Observer  
  131  18:07  Dark Templar  
  131  18:08  Dark Templar x4  
  141  18:15  Archon x2  
  141  18:16  Stalker x2  
  141  18:17  Stalker x4  
  141  18:18  Observer  
  144  18:33  Warp Prism  
  139  18:39  Mothership, Zealot  
  139  18:40  Zealot x10  
  158  18:56  Observer  
  150  19:04  Immortal  
  150  19:15  Immortal  
  158  19:36  Immortal  
  158  19:38  Zealot x4, Pylon  
  160  19:40  Void Ray  
  160  19:41  Assimilator  
  160  19:45  Assimilator  
  168  19:51  Void Ray  
  168  19:52  Void Ray  
  176  20:03  Immortal  
  176  20:04  Immortal  
  186  20:33  Immortal  
  188  20:43  Zealot x5  
  188  20:45  Immortal  
  192  21:24  High Templar x3  
  192  21:28  Archon  
  183  21:42  Observer  
  176  21:58  Stalker x2  
  176  21:59  Stalker x9  
  176  22:00  Stalker  

Tags
 
Add a new tag
Caveats
  • Supply blocks, unpowered buildings, or Contaminate may cause inaccurate times.
  • Supply counts are checked every 10 seconds.